 Dungeon Crawl Stone Soup version 0.27.0-1-g7a089689b8 (webtiles) character file.

Game seed: 7629558083042893530

7 Descartes the Ducker (level 1, -1/10 HPs)
             Began as a Felid Monk on Aug 1, 2021.
             Slain by a kobold (3 damage)
             ... on level 1 of the Dungeon.
             The game lasted 00:00:39 (378 turns).

Descartes the Ducker (Felid Monk)                    Turns: 378, Time: 00:00:39

Health: -1/10      AC:  1    Str:  7    XL:     1   Next: 83%
Magic:  2/2        EV: 19    Int: 11    God:
Gold:   14         SH:  0    Dex: 18    Spells: 0/0 levels left
                                        Lives:  0   Deaths: 0

rFire    . . .     SeeInvis +     - Unarmed
rCold    . . .     Faith    .   (shield unavailable)
rNeg     . . .     Spirit   .   (armour unavailable)
rPois    .         Reflect  .   (helmet unavailable)
rElec    .         Harm     .   (cloak unavailable)
rCorr    .         Rampage  .   (gloves unavailable)
Will     .....                  (boots unavailable)
Stlth    +++.......             (no amulet)
HPRegen  0.03/turn              (no ring)
MPRegen  0.08/turn              (no ring)

@: quick
A: very small, claws 1, fangs 3, see invisible, speed 1, shaggy fur 1, stealthy
paws, no weapons or thrown items, no armour, multi-lived
a: no special abilities


You were on level 1 of the Dungeon.
You visited 1 branch of the dungeon, and saw 1 of its levels.

You collected 14 gold pieces.

Inventory:

Jewellery
 b - a ring of ice
Scrolls
 a - a scroll of magic mapping {unknown}


   Skills:
 - Level 3.0 Fighting
 + Level 4.2 Dodging
 + Level 3.1 Stealth
 + Level 3.1 Unarmed Combat


You couldn't memorise any spells.
You didn't know any spells.
Your spell library was empty.

Dungeon Overview and Level Annotations

Branches:
Dungeon (1/15)

Altars:


Innate Abilities, Weirdness & Mutations

You have sharp claws.
You have razor-sharp teeth.
You have supernaturally acute eyesight. (SInv)
You cover ground quickly. (Speed+)
You are covered in fur. (AC +1)
Your paws help you pounce on unaware monsters.
You are incapable of wielding weapons or throwing items.
You cannot wear armour.
You gain extra lives every three experience levels.


Message History

Your Stealth skill increases to level 3!
You scratch the hobgoblin but do no damage.
Your claw misses the hobgoblin. You barely miss the hobgoblin.
The hobgoblin hits you.
You closely miss the hobgoblin. You claw the hobgoblin.
The hobgoblin is moderately wounded.
The hobgoblin closely misses you.
You scratch the hobgoblin but do no damage.
The hobgoblin is moderately wounded.
The hobgoblin completely misses you.
You scratch the hobgoblin but do no damage.
The hobgoblin is moderately wounded.
A quokka comes into view.
An endoplasm comes into view.
The hobgoblin barely misses you.
You closely miss the hobgoblin.
The hobgoblin is moderately wounded.
The hobgoblin completely misses you.
You scratch the hobgoblin.
You kill the hobgoblin!
The kobold hits you with a +0 short sword.
Ouch! That really hurt!
* * * LOW HITPOINT WARNING * * *
You are too injured to fight recklessly!
You are too injured to fight recklessly!
You are too injured to fight recklessly!
You are too injured to fight recklessly!
You are too injured to fight recklessly!
You are too injured to fight recklessly!
You are too injured to fight recklessly!
You are too injured to fight recklessly!
You are too injured to fight recklessly!
You are too injured to fight recklessly!
You are too injured to fight recklessly!
You are too injured to fight recklessly!
The kobold completely misses you.
You closely miss the kobold. The kobold closely misses you.
You scratch the kobold.
The kobold is moderately wounded.
The kobold hits you with a +0 short sword.
You die...

. #..###.#.##.##...##
#.## #.#.##.#.....## #.#
#..K..........# #.#
###...........# #.#
####K.......# #.#
#.#.....## #.# #.##...##
#.#########.###.##
#.##.@KJ........#
#######.##.#########>.##
................####...#
###########............#
##.###.####...#
##.#.##.# #.###
######.###.#.# #.#
#.....## ##..# #.#
#.####.###.### #.#


You could see an endoplasm and a kobold.

Vanquished Creatures
  An endoplasm (D:1)
  2 hobgoblins (D:1)
  A ball python (D:1)
  3 rats (D:1)
7 creatures vanquished.

Notes
Turn   | Place    | Note
-------+----------+-------------------------------------------
     0 | D:1      | Descartes the Felid Monk began the quest for the Orb.
     0 | D:1      | Reached XP level 1. HP: 10/10 MP: 2/2
   378 | D:1      | Slain by a kobold

Illustrated notes

Levels and vault maps discovered:
D:1:      dpeg_arrival_prison, layout_loops_ring, serial_shops, shop,
          dreamdust_ecumenical_altar_hidden_monk_grotto, minmay_lizard_king

Skill      XL: |  1 |
---------------+----+-----
Stealth        | 3 |  3.1
Fighting       | |  3.0
Dodging        | |  4.2
Unarmed Combat | |  3.1

Action                   || total
-------------------------++-------
Melee: Unarmed           ||    22
       Bite              ||     3
       Punch             ||     1
 Stab: Sleeping          ||     2
Dodge: Dodged            ||    15
